 Dungeon Crawl Stone Soup version 0.31-a0-105-gc0b45f0da6 (webtiles) character file.

Game seed: 17380768525594000199

147 Bnni the Digger (level 5, -4/38 HPs)
             Began as a Formicid Earth Elementalist on May 27, 2023.
             Killed by divine providence
             ... invoked by an orc priest
              (13 damage)
             ... on level 3 of the Dungeon.
             The game lasted 00:03:44 (2130 turns).

Bnni the Digger (Formicid Earth Elementalist)       Turns: 2130, Time: 00:03:44

Health: -4/38      AC:  2    Str: 13    XL:     5   Next: 55%
Magic:  1/9        EV: 12    Int: 16    God:
Gold:   115        SH:  0    Dex: 14    Spells: 0/10 levels left

rFire   . . .        j - +0 quarterstaff
rCold   . . .        (no shield)
rNeg    . . .        a - +0 robe
rPois   .            (helmet unavailable)
rElec   .            (no cloak)
rCorr   .            (no gloves)
SInv    +            (no boots)
Will    .....        (no amulet)
Stlth   ++           (no ring)
HPRegen 0.26/turn    (no ring)
MPRegen 0.11/turn

%: no passive effects
@: no status effects
A: permanent stasis, dig shafts and tunnels, antennae 3, four strong arms
a: Dig, Shaft Self


You were on level 3 of the Dungeon.
You visited 1 branch of the dungeon, and saw 3 of its levels.

You collected 115 gold pieces.

Inventory:

Hand Weapons
 j - a +0 quarterstaff (weapon)
Armour
 a - a +0 robe (worn)
 k - a +0 scale mail
 m - a +0 chain mail
Wands
 i - a wand of mindburst (20)
Scrolls
 c - 5 scrolls of identify {unknown}
 d - a scroll of blinking {unknown}
 f - 2 scrolls of teleportation {unknown}
 g - a scroll of acquirement {unknown}
 l - a scroll of amnesia {unknown}
 o - a scroll of poison {unknown}
Potions
 b - a potion of magic
 e - 3 potions of curing {unknown}
 h - a potion of degeneration {unknown}
 n - 2 potions of berserk rage {unknown}


   Skills:
 + Level 2.1 Fighting
 - Level 1.7 Dodging
 - Level 2.4 Stealth
 - Level 3.0 Spellcasting
 + Level 2.5 Transmutations
 * Level 5.3 Earth Magic


You couldn't memorise any spells.
You knew the following spells:

 Your Spells              Type           Power      Damage    Failure   Level
a - Sandblast             Erth           38%        2d10      2%          1
b - Passwall              Tmut/Erth      10%        N/A       7%          2
c - Stone Arrow           Conj/Erth      18%        3d8       22%         3
d - Petrify               Tmut/Erth      13%        N/A       41%         4

Your spell library contained the following spells:

 Spells                   Type           Power      Damage    Failure   Level
 Necrotise                Necr           8%         1d4       19%         1
 Kiss of Death            Conj/Necr      4%         2d5       22%         1
 Mephitic Cloud           Conj/Pois/Air  0%         N/A       56%         3
 Airstrike                Air            1%         2d(1-17)  88%         4
 Chain Lightning          Conj/Air       0%         2d1       100%        9


Dungeon Overview and Level Annotations

Branches:
Dungeon (3/15)

Altars:
Wu Jian

Shops:
D:1 ?


Innate Abilities, Weirdness & Mutations

You cannot be hasted, slowed, berserked, paralysed or teleported.
You can dig through walls and to a lower floor.
You have a pair of large antennae on your head. (SInv)
Your four strong arms can wield two-handed weapons with a shield.


Message History

Aim: an orc, wielding a +0 whip and wearing a +0 chain mail (lightly wounded, 87% to hit)
The blast of sand hits the orc!
You kill the orc!
Aiming: Sandblast (safe; 2% risk of failure)
Press: ? - help, Q - select action, (/) - cycle Shift-Dir - straight line, f/p - orc
Aim: an orc, wielding a +0 whip and wearing a +0 chain mail (lightly wounded, 87% to hit)
The blast of sand hits the orc.
The orc is moderately wounded.
The orc barely misses you.
Unknown command.
You barely miss the orc.
The orc is moderately wounded.
The orc misses you.
You closely miss the orc. The orc barely misses you.
The orc closely misses you. The orc hits you with a +0 flail.
The orc priest hits you with a +0 whip. The orc barely misses you.
You hit the orc priest.
The orc priest is lightly wounded.
The orc closely misses you. The orc priest hits you with a +0 whip.
The orc hits you with a +0 whip.
Aiming: Sandblast (safe; 2% risk of failure)
Press: ? - help, Q - select action, (/) - cycle Shift-Dir - straight line, f - orc priest, p - orc
Aim: an orc priest, wielding a +0 whip (lightly wounded, 82% to hit)
The blast of sand hits the orc priest.
The orc priest is heavily wounded.
The orc misses you. The orc barely misses you.
The orc priest hits you with a +0 whip.
* * * LOW HITPOINT WARNING * * *
The orc closely misses you. The orc priest barely misses you.
The orc hits you with a +0 whip.
* * * LOW HITPOINT WARNING * * *
Unknown command.
The orc attacks as you move away! The orc barely misses you.
You hit the orc but do no damage.
The orc is moderately wounded.
You barely miss the orc.
The orc is moderately wounded.
The orc priest calls down the wrath of Beogh upon you.
Beogh smites you!
You die...

.. ... ..... ...
..... ...#.
#.##...... ....
..........# #..#
#.......... ##..
#.......).#
#...##.........#
#.)...........#
##o@#)........#
##.#.o..(....##
#o...........#
##.o..##.#....
#....##......
#......#.....
##.<..........
#...#......##
###.#...##...#


You could see an orc priest and 2 orcs.

Vanquished Creatures
  Jessica (D:2)
  Terence (D:2)
  An orc wizard (D:3)
  2 adders
  2 worms
  3 dart slugs
  An orc (D:3)
  3 endoplasms
  3 hobgoblins
  3 quokkas
  4 ball pythons
  7 bats
  5 frilled lizards
  3 goblins
  5 kobolds
  4 rats
48 creatures vanquished.

Notes
Turn   | Place    | Note
-------+----------+-------------------------------------------
     0 | D:1      | Bnni the Formicid Earth Elementalist began the quest for
                  | the Orb.
     0 | D:1      | Reached XP level 1. HP: 13/13 MP: 3/3
   157 | D:1      | Found a faded altar of an unknown god.
   263 | D:1      | Got the Anthology of the Aerial Fifth Circle
   292 | D:1      | Reached XP level 2. HP: 20/20 MP: 3/5
   353 | D:1      | Learned a level 2 spell: Passwall
   534 | D:1      | Reached skill level 4 in Earth Magic
   789 | D:1      | Found Bukatre's Magic Scroll Emporium.
   942 | D:2      | Reached skill level 1 in Fighting
   942 | D:2      | Reached XP level 3. HP: 26/26 MP: 4/6
  1158 | D:2      | Noticed Terence
  1174 | D:2      | Killed Terence
  1175 | D:2      | Reached XP level 4. HP: 16/32 MP: 1/8
  1520 | D:2      | Noticed Jessica
  1524 | D:2      | Killed Jessica
  1525 | D:2      | Reached XP level 5. HP: 38/38 MP: 6/9
  1529 | D:2      | Got Jessica's Atlas of Evil Spells
  1579 | D:2      | Learned a level 3 spell: Stone Arrow
  1862 | D:2      | Found an ornate altar of the Wu Jian Council.
  1945 | D:3      | Reached skill level 5 in Earth Magic
  2032 | D:3      | Learned a level 4 spell: Petrify
  2130 | D:3      | Killed from afar by an orc priest

Illustrated notes

Levels and vault maps discovered:
D:1:      lightli_arrival_statue_moat, layout_loops_ring, serial_shops,
          shop_statue, shapermc_ecumenical_altar_acropolis
D:2:      layout_basic, basic_altar, chequers_mini_garden,
          hangedman_decor_opposing, kennysheep_jessica_study, uniq_terence
D:3:      layout_rooms

Skill      XL: |  1  2  3  4  5 |
---------------+----------------+-----
Earth Magic    | 4 5 |  5.3
Fighting       | 1 2 |  2.1
Transmutations | 2 |  2.5
Spellcasting   | 3 |  3.0
Dodging        | |  1.7
Stealth        | |  2.4

Action                     |  1- 3 |  4- 6 || total
---------------------------+-------+-------++-------
  Melee: Short sword       |     3 |       ||     3
         Dagger            |     4 |       ||     4
         Quarterstaff      |     8 |    11 ||    19
         Punch             |     1 |       ||     1
   Cast: Sandblast         |    37 |    41 ||    78
   Stab: Sleeping          |     2 |       ||     2
 Armour: Robe              |     3 |     2 ||     5
  Dodge: Dodged            |    23 |    36 ||    59

Table legend: (Time is in decaauts)
 A = Elapsed time spent in this place.
 B = Non-inter-level travel time spent in this place.
 C = Inter-level travel time spent in this place.
 D = Time resting spent in this place.
 E = Time spent auto-exploring this place.
 F = Levels seen in this place.
 G = Mean time per level.
                   A        B        C        D        E       F      G
               +--------+--------+--------+--------+--------+-----+--------+
         Total |   2174 |   2027 |    147 |    200 |   1426 |   3 |  724.7 |
       Dungeon |   2174 |   2027 |    147 |    200 |   1426 |   3 |  724.7 |
               +--------+--------+--------+--------+--------+-----+--------+

Top non-repeatable levels by time:
     D:2: 1016 daAuts
     D:1: 949 daAuts
     D:3: 208 daAuts
